 Dungeon Crawl Stone Soup version 0.28-a0-2-g643f2454ad (webtiles) character file.

Game seed: 16986528714792323157

132804 miscthings the Stormcaller (level 17, -2/103 HPs)
             Began as a Tengu Air Elementalist on July 22, 2021.
             Was a High Priest of Sif Muna.
             Succumbed to barbed spike wounds
             ... on level 3 of the Shoals.
             The game lasted 01:18:47 (28419 turns).

miscthings the Stormcaller (TeAE)                  Turns: 28419, Time: 01:18:48

Health: -2/103     AC: 22    Str: 14    XL:     17   Next: 13%
Magic:  12/40      EV: 13    Int: 38    God:    Sif Muna [*****.]
Gold:   1257       SH:  6    Dex: 18    Spells: 1/35 levels left

rFire   . . .      SeeInvis .   m - staff of air
rCold   + + +      Faith    .   s - +0 buckler
rNeg    . . .      Spirit   .   L - +8 chain mail of Whack-A-Mole {Harm rC++ Int+4}
rPois   .          Reflect  .   (helmet restricted)
rElec   +          Harm     +   g - +0 cloak "Voili" {Contam Will+ Int+4}
rCorr   .          Rampage  .   n - +1 pair of gloves
Will    +++..                   (boots unavailable)
Stlth   ..........              W - amulet "Muenely" {Regen+ Int+4 Dex+3}
HPRegen 1.27/turn               e - ring of magical power
MPRegen 0.27/turn               h - ring "Ychub" {rC+ Will+ Str+6 Int+3}

@: engulfed (cannot breathe), spiked, flying quickly and evasively, very
slightly contaminated, quick
A: beak, talons 3, nimble flight
a: Renounce Religion, Channel Magic, Forget Spell, Divine Exegesis


You were on level 3 of the Shoals.
You worshipped Sif Muna.
Sif Muna was extremely pleased with you.
You visited 6 branches of the dungeon, and saw 28 of its levels.

You collected 2401 gold pieces.
You spent 1144 gold pieces at shops.

Inventory:

Missiles
 o - 4 throwing nets
 F - 15 curare-tipped darts
Armour
 a - a +1 troll leather armour
 g - the +0 cloak "Voili" (worn) {Contam Will+ Int+4}
   (You found it on level 9 of the Dungeon)

   Int:       It affects your intelligence (+4).
   Contam:    It causes magical contamination when unequipped.
   Will:      It increases your willpower.
 n - a +1 pair of gloves (worn)
 s - a +0 buckler (worn)
 y - a +2 robe of positive energy
 I - a +0 robe of resistance
 L - the +8 chain mail of Whack-A-Mole (worn) {Harm rC++ Int+4}
   (You found it on level 2 of the Lair of Beasts)

   Int:       It affects your intelligence (+4).
   rC:        It greatly protects you from cold.
   Harm:      It increases damage dealt and taken.
 P - a +0 kite shield of positive energy
Magical Staves
 m - a staff of air (weapon)
Jewellery
 e - a ring of magical power (left hand)
 h - the ring "Ychub" (right hand) {rC+ Will+ Str+6 Int+3}
   (You took it off a tengu warrior on level 8 of the Dungeon)

   [ring of strength]

   Str:       It affects your strength (+6).
   Int:       It affects your intelligence (+3).
   rC:        It protects you from cold.
   Will:      It increases your willpower.
 p - the ring "Zidam" {Ice Contam Int+2 SInv}
   (You took it off a centaur on level 8 of the Dungeon)

   [ring of ice]

   It enhances your ice magic.
   Int:       It affects your intelligence (+2).
   rF:        It makes you vulnerable to fire.
   rC:        It protects you from cold.
   SInv:      It lets you see invisible.
   Contam:    It causes magical contamination when unequipped.
 x - the ring "Umic" {Drain rC++ MP+9}
   (You took it off a centaur warrior on level 8 of the Dungeon)

   [ring of magical power]

   rC:        It greatly protects you from cold.
   MP:        It affects your magic capacity (+9).
   Drain:     It drains your maximum health when unequipped.
 z - the ring "Eppoyk" {Fire Str+3}
   (You found it on level 8 of the Dungeon)

   [ring of fire]

   It enhances your fire magic.
   Str:       It affects your strength (+3).
   rF:        It protects you from fire.
   rC:        It makes you vulnerable to cold.
 G - a ring of resist corrosion
 R - an amulet of magic regeneration
 T - a ring of willpower
 W - the amulet "Muenely" (around neck) {Regen+ Int+4 Dex+3}
   (You bought it in a shop on level 2 of the Orcish Mines)

   [amulet of regeneration]

   Int:       It affects your intelligence (+4).
   Dex:       It affects your dexterity (+3).
   Regen:     It increases your rate of health regeneration.
Wands
 r - a wand of acid (5)
 t - a wand of digging (7)
 v - a wand of iceblast (22)
 w - a wand of flame (2)
 K - a wand of charming (22)
 M - a wand of paralysis (13)
 N - a wand of mindburst (1)
Scrolls
 b - 4 scrolls of magic mapping
 c - 7 scrolls of identify {@r1}
 d - a scroll of enchant armour
 j - a scroll of blinking
 q - 4 scrolls of silence
 u - 2 scrolls of amnesia
 C - 4 scrolls of fog
 D - 3 scrolls of teleportation
 U - a scroll of vulnerability
 V - 3 scrolls of immolation
 X - a scroll of holy word
Potions
 f - 12 potions of haste
 i - 13 potions of curing
 k - 3 potions of lignification
 l - 4 potions of heal wounds
 A - 2 potions of mutation
 B - 2 potions of cancellation
 E - a potion of invisibility
 H - 3 potions of magic
 J - 4 potions of attraction
 O - 2 potions of might
 Q - 2 potions of ambrosia
 S - 2 potions of brilliance


   Skills:
 - Level 10.4 Fighting
 - Level 8.0 Armour
 - Level 11.0 Dodging
 - Level 2.0 Stealth
 - Level 5.8 Shields
 - Level 9.8 Spellcasting
 + Level 10.5 Conjurations
 - Level 5.4 Necromancy
 - Level 10.5 Fire Magic
 - Level 16.3 Air Magic
 - Level 3.5 Earth Magic
 - Level 8.8 Invocations
 - Level 10.1 Evocations


You had one spell level left.
You knew the following spells:

 Your Spells              Type           Power      Damage    Failure   Level
a - Airstrike             Air            60%        N/A       1%          4
b - Static Discharge      Conj/Air       100%       N/A       1%          2
c - Swiftness             Air            100%       N/A       1%          3
d - Infestation           Necr           28%        N/A       100%        8
e - Lightning Bolt        Conj/Air       55%        1d77      3%          5
f - Borgnjor's Vile Clut  Necr/Erth      26%        N/A       83%         5
x - Conjure Ball Lightni  Conj/Air       55%        3x3d20    22%         6
z - Shock                 Conj/Air       100%       1d9       1%          1

Your spell library contained the following spells:

 Spells                   Type           Power      Damage    Failure   Level
 Foxfire                  Conj/Fire      100%       2x1d9     1%          1
 Magic Dart               Conj           100%       1d8       1%          1
 Pain                     Necr           100%       1d9       3%          1
 Sandblast                Erth           92%        2d19      8%          1
 Apportation              Tloc           36%        N/A       34%         1
 Corpse Rot               Necr/Air       N/A        N/A       1%          2
 Searing Ray              Conj           100%       3d7       1%          2
 Conjure Flame            Conj/Fire      78%        6-21      1%          3
 Mephitic Cloud           Conj/Pois/Air  92%        N/A       2%          3
 Sticky Flame             Conj/Fire      78%        2d9       4%          4
 Dazzling Flash           Conj/Hex       100%       N/A       12%         3
 Inner Flame              Hex/Fire       56%        N/A       12%         3
 Summon Lightning Spire   Summ/Air       88%        N/A       12%         4
 Passwall                 Tmut/Erth      26%        N/A       24%         2
 Ignite Poison            Fire/Tmut/Pois 45%        N/A       24%         3
 Freezing Cloud           Conj/Ice/Air   46%        6-21      24%         5
 Bolt of Magma            Conj/Fire/Erth 34%        4d15      32%         5
 Silence                  Hex/Air        44%        N/A       32%         5
 Animate Dead             Necr           28%        N/A       36%         4
 Dispel Undead            Necr           56%        3d20      36%         4
 Fulminant Prism          Conj/Hex       28%        3d14      36%         4
 Hailstorm                Conj/Ice       56%        3d12      36%         4
 Iskenderun's Mystic Bla  Conj/Tloc      56%        2d12      36%         4
 Call Imp                 Summ           18%        N/A       45%         2
 Portal Projectile        Hex/Tloc       36%        N/A       71%         3
 Agony                    Necr           56%        N/A       71%         5
 Excruciating Wounds      Necr           28%        N/A       71%         5
 Leda's Liquefaction      Hex/Erth       16%        N/A       85%         4
 Lee's Rapid Deconstruct  Erth           23%        3d14*     91%         5
 Maxwell's Capacitive Co  Air            60%        ∞         95%         8
 Ice Form                 Ice/Tmut       18%        N/A       98%         4
 Orb of Destruction       Conj           39%        9d13      98%         7
 Death Channel            Necr           28%        N/A       99%         6
 Alistair's Intoxication  Tmut/Pois      12%        N/A       100%        5
 Blade Hands              Tmut           9%         N/A       100%        5
 Dispersal                Tloc           9%         N/A       100%        6
 Invisibility             Hex            9%         N/A       100%        6
 Simulacrum               Ice/Necr       19%        N/A       100%        6
 Statue Form              Tmut/Erth      21%        N/A       100%        6
 Haunt                    Necr/Summ      19%        N/A       100%        7
 Storm Form               Tmut/Air       44%        N/A       100%        7
 Disjunction              Tloc           9%         N/A       100%        8
 Chain Lightning          Conj/Air       55%        3d73      100%        9
 Fire Storm               Conj/Fire      39%        8d10      100%        9


Dungeon Overview and Level Annotations

Branches:
Dungeon (15/15)            Temple (1/1) D:6            Lair (6/6) D:9
 Shoals (3/4) Lair:2        Snake (1/4) Lair:4        Slime (0/5) Lair:5
    Orc (2/2) D:11            Elf (0/3) Orc:2        Vaults (0/5) D:13
 Depths (0/5) D:15

Altars:
Cheibriados
Dithmenos
Elyvilon
Fedhas
Gozag
Hepliaklqana
Nemelex Xobeh
Okawaru
Ru
Sif Muna
Trog
Uskayaw
Vehumet
Wu Jian
Yredelemnul
Zin
The Shining One
Beogh

Shops:
D:2 [   D:9 *   Orc:2 *(=   Shoals:3 ?

Annotations:
Shoals:2 Liluoff's ghost, journeyman DsIE


Innate Abilities, Weirdness & Mutations

You have a beak for a mouth.
You have claws for feet.
Your magical nature lets you fly swiftly and evasively.


Message History

Casting: Airstrike (safe; 1% risk of failure)
Confirm with . or Enter, or press ? or * to list all spells.
Aiming: Airstrike (safe; 1% risk of failure)
Press: ? - help, Dir - move target, f - water elemental
Aim: a water elemental You feel a surge of power!
The air twists around and strikes the water elemental!!
The water elemental is severely damaged.
The water elemental hits you!
The water elemental engulfs you in water!
You slip free of the water engulfing you.
* * * LOW HITPOINT WARNING * * *
Your lungs strain for air!
The manticore flicks its tail.
The volley of spikes hits you!
The barbed spikes become lodged in your body.
* * * LOW HITPOINT WARNING * * *
The water elemental closely misses you.
You feel much better.
* * * LOW HITPOINT WARNING * * *
Your lungs strain for air!
A manticore comes into view.
The water elemental barely misses you.
The barbs in your skin will harm you if you move.
Continue?
You slip free of the water engulfing you.
The barbed spikes dig painfully into your body as you move.
* * * LOW HITPOINT WARNING * * *
x2 Your lungs strain for air!
The manticore flicks its tail.
You block the volley of spikes. You block the water elemental's attack.
A merfolk siren comes into view. It is wielding a +0 spear.
There is a stone staircase leading up here.
* * * LOW HITPOINT WARNING * * *
Your lungs strain for air!
The water elemental hits you!
* * * LOW HITPOINT WARNING * * *
The water elemental hits you.
* * * LOW HITPOINT WARNING * * *
The barbed spikes dig painfully into your body as you move.
You die...

≈≈≈≈≈≈≈≈≈≈....≈≈≈
≈≈≈≈≈≈≈≈≈≈....≈≈≈
≈≈≈≈≈≈≈≈≈≈.....≈≈
≈≈≈.....≈≈.......
≈≈≈..............
≈≈≈......≈.......
≈≈≈≈.....≈)≈≈...<
≈≈≈≈≈≈≈≈E≈≈≈≈≈.m.
≈≈≈≈≈≈≈≈≈@EH≈8...
≈≈≈≈≈≈≈≈≈≈≈≈≈≈≈..
≈≈≈≈≈(≈≈$≈≈∩≈≈≈≈≈
≈≈≈≈≈≈≈≈≈≈≈≈≈≈≈≈≈
≈≈≈≈≈≈≈≈H8≈≈≈>≈≈≈
≈≈≈≈≈≈≈≈≈≈≈≈≈≈/≈
≈≈≈≈≈≈≈≈≈≈≈≈≈≈≈
≈≈≈≈≈≈≈≈≈≈≈≈≈≈≈


You could see 2 manticores, 2 water elementals and a merfolk siren.

Vanquished Creatures
  Kirke (Lair:5)
  An orc warlord (Orc:2)
  The ghost of Geci Fani the Severer, a journeyman DsBe of Trog (Shoals:1)
  A stone giant (D:15)
  A merfolk javelineer (Shoals:1)
  A merfolk impaler (Shoals:1)
  2 spectral krakens (Shoals:2)
  2 naga warriors
  2 ogre magi
  5 boulder beetles
  9 hydras
  3 ghost crabs (Shoals:2)
  A catoblepas (Lair:5)
  An alligator snapping turtle (Shoals:1)
  10 death yaks
  Erica (Lair:1)
  3 death knights
  7 two-headed ogres
  2 merfolk aquamancers (Shoals:2)
  3 tengu warriors
  8 centaur warriors
  Urug (Lair:6)
  5 orc high priests (Orc:2)
  A deep elf knight (D:13)
  5 skeletal warriors (D:14)
  A goliath frog (Lair:6)
  4 sea snakes
  Pikel (D:6)
  7 orc knights
  3 deep elf pyromancers
  A deep elf zephyrmancer (D:13)
  10 orc sorcerers
  4 spectral merfolk (Shoals:2)
  7 cyclopes
  5 ugly things
  4 manticores
  7 fauns (Shoals:1)
  4 oklob plants (Lair:6)
  3 centaur zombies
  13 elephants
  2 merfolk sirens (Shoals:1)
  4 black mambas
  A guardian serpent (Snake:1)
  20 cane toads
  A gargoyle (D:14)
  A cane toad (shapeshifter) (D:15)
  Psyche (D:8)
  An unseen horror (D:12)
  4 rime drakes
  3 freezing wraiths (D:14)
  7 komodo dragons
  9 trolls
  2 spectral sea snakes (Shoals:2)
  3 meliai (D:15)
  3 polar bears
  5 merfolk
  2 hornets
  2 wind drakes
  9 blink frogs
  3 tyrant leeches (Lair:6)
  A spectral manticore (Shoals:2)
  8 slime creatures
  10 dream sheep
  A spriggan (shapeshifter) (D:14)
  A meliai zombie (D:10)
  6 snapping turtles
  A shadow (D:11)
  26 yaks
  Sigmund (D:4)
  3 vampires
  A spectral wind drake (Shoals:2)
  8 wyverns
  7 water elementals
  5 wraiths (D:14)
  A basilisk (Lair:6)
  3 hogs
  14 vampire mosquitoes
  6 wargs
  7 nagas
  5 acid dragons
  16 water moccasins
  A spectral snapping turtle (Shoals:2)
  33 orc warriors
  An ice beast (D:6)
  6 black bears
  2 sky beasts
  10 ogres
  10 wolves
  16 centaurs
  A lemure (D:6)
  21 bullfrogs
  A phantom (D:4)
  A kobold brigand (D:7)
  A gnoll sergeant (Orc:2)
  A scorpion (D:5)
  A wyvern skeleton (D:6)
  45 killer bees
  5 wights (D:8)
  8 howler monkeys
  An electric eel (Lair:6)
  2 bullfrog zombies
  Crazy Yiuf (D:2)
  8 hounds
  A gnoll shaman (D:6)
  16 orc priests
  A bullfrog skeleton (D:6)
  2 centaur skeletons
  2 iguanas (D:5)
  24 orc wizards
  A hound skeleton (D:5)
  A howler monkey zombie (D:11)
  4 adders
  15 gnolls
  A shadow imp (D:7)
  2 worms
  64 orcs
  10 ball pythons
  11 endoplasms
  3 giant cockroaches
  10 goblins
  5 hobgoblins
  8 jackals
  11 kobolds
  2 quokkas
  7 bats
  4 rats
  4 tentacles (Shoals:2)
750 creatures vanquished.

Vanquished Creatures (collateral kills)
  4 elephants (Lair:6)
  2 komodo dragons (Lair:6)
  A rime drake (Lair:6)
  2 blink frogs (Lair:6)
  2 dream sheep (Lair:6)
  A hog (Lair:5)
  A basilisk (Lair:6)
  3 ball lightnings (Shoals:2)
16 creatures vanquished.

Vanquished Creatures (others)
  A merfolk avatar (Shoals:2)
  A hog (Lair:5)
  An orc warrior (Orc:2)
  16 ball lightnings
  A bush (Lair:3)
  55 fungi
  124 plants
  16 tentacles (Shoals:2)
  9 withered plants (Shoals:2)
224 creatures vanquished.

Grand Total: 990 creatures vanquished

Notes
Turn   | Place    | Note
-------+----------+-------------------------------------------
     0 | D:1      | miscthings the Tengu Air Elementalist began the quest for
                  | the Orb.
     0 | D:1      | Reached XP level 1. HP: 10/10 MP: 4/4
   200 | D:1      | Reached XP level 2. HP: 9/15 MP: 1/6
   304 | D:1      | Learned a level 2 spell: Static Discharge
   475 | D:1      | Reached skill level 5 in Air Magic
   662 | D:1      | Reached XP level 3. HP: 19/19 MP: 0/7
  1448 | D:2      | Found Ciptisiu's Armour Boutique.
  1453 | D:2      | Reached XP level 4. HP: 4/24 MP: 8/8
  1708 | D:2      | Learned a level 4 spell: Airstrike
  1720 | D:2      | Reached skill level 6 in Air Magic
  2143 | D:2      | Gained mutation: Your magical nature lets you fly swiftly
                  | and evasively. [Tengu growth]
  2143 | D:2      | Reached XP level 5. HP: 28/28 MP: 9/9
  2145 | D:2      | Reached skill level 7 in Air Magic
  2285 | D:2      | Found a runed translucent door.
  2286 | D:2      | Noticed Crazy Yiuf
  2427 | D:3      | Found a faded altar of an unknown god.
  2617 | D:3      | Reached skill level 8 in Air Magic
  2667 | D:3      | Reached XP level 6. HP: 23/32 MP: 8/10
  3169 | D:4      | Noticed a water moccasin
  3171 | D:4      | Killed a water moccasin
  3172 | D:4      | Reached skill level 9 in Air Magic
  3189 | D:4      | Found a snail-covered altar of Cheibriados.
  3200 | D:4      | Noticed Sigmund
  3204 | D:4      | Killed Sigmund
  3205 | D:4      | Reached skill level 10 in Air Magic
  3205 | D:4      | Reached XP level 7. HP: 36/36 MP: 1/11
  3457 | D:4      | Found a shadowy altar of Dithmenos.
  3457 | D:4      | Noticed a shadow
  3459 | D:4      | Found a hazy altar of Hepliaklqana.
  3520 | D:4      | Found a radiant altar of Vehumet.
  3703 | D:4      | Learned a level 3 spell: Swiftness
  3818 | D:2      | Killed Crazy Yiuf
  3840 | D:2      | Bought a +0 buckler for 45 gold pieces
  3923 | D:5      | Entered Level 5 of the Dungeon
  3953 | D:5      | Reached skill level 1 in Fighting
  3953 | D:5      | Reached skill level 1 in Armour
  3953 | D:5      | Reached skill level 1 in Evocations
  4131 | D:5      | Reached skill level 1 in Shields
  4137 | D:5      | Reached XP level 8. HP: 43/43 MP: 12/12
  4192 | D:5      | Found an iron altar of Okawaru.
  5430 | D:6      | Noticed Pikel
  5438 | D:6      | Killed Pikel
  5439 | D:6      | Reached XP level 9. HP: 17/49 MP: 9/14
  5987 | D:6      | Reached skill level 11 in Air Magic
  6125 | D:6      | Found a staircase to the Ecumenical Temple.
  6134 | Temple   | Entered the Ecumenical Temple
  6198 | Temple   | Became a worshipper of Sif Muna the Loreminder
  6545 | D:7      | Reached skill level 5 in Conjurations
  6624 | D:7      | Found a sacrificial altar of Ru.
  6713 | D:7      | Noticed a hornet
  6718 | D:7      | Killed a hornet
  7204 | D:7      | Found a glowing golden altar of the Shining One.
  7204 | D:7      | Found a sparkling altar of Nemelex Xobeh.
  7205 | D:7      | Found an ornate altar of the Wu Jian Council.
  7207 | D:7      | Found a basalt altar of Yredelemnul.
  7275 | D:7      | Noticed a two-headed ogre
  7281 | D:7      | Killed a two-headed ogre
  7282 | D:7      | Reached skill level 5 in Dodging
  7282 | D:7      | Reached skill level 1 in Invocations
  7282 | D:7      | Reached XP level 10. HP: 56/56 MP: 6/17
  7398 | D:7      | Reached * piety under Sif Muna
  7767 | D:8      | Reached skill level 5 in Armour
  7997 | D:8      | Noticed Psyche
  8000 | D:8      | Killed Psyche
  8138 | D:8      | Noticed a centaur warrior
  8153 | D:8      | Killed a centaur warrior
  8154 | D:8      | Reached skill level 5 in Fighting
  8154 | D:8      | Reached skill level 5 in Spellcasting
  8154 | D:8      | Reached skill level 12 in Air Magic
  8154 | D:8      | Reached XP level 11. HP: 20/63 MP: 0/19
  8404 | D:8      | Reached skill level 5 in Evocations
  8526 | D:8      | Identified the ring "Zidam" {Ice Contam Int+2 SInv}
  8536 | D:8      | Noticed a boulder beetle
  8538 | D:8      | Reached ** piety under Sif Muna
  8628 | D:8      | Noticed a cyclops
  8628 | D:8      | Identified the ring "Umic" {Drain rC++ MP+9}
  8628 | D:8      | Noticed a centaur warrior
  8634 | D:8      | Killed a centaur warrior
  8728 | D:8      | Identified the ring "Ychub" {rC+ Will+ Str+6 Int+3}
  8728 | D:8      | Noticed a tengu warrior
  8772 | D:8      | Killed a tengu warrior
  8816 | D:8      | Killed a cyclops
  9085 | D:8      | Identified the ring "Eppoyk" {Fire Str+3}
  9236 | D:2      | Bought a +2 cloak of willpower for 215 gold pieces
  9601 | D:9      | Identified the +0 cloak "Voili" {Contam Will+ Int+4}
  9629 | D:9      | Noticed a two-headed ogre
  9907 | D:9      | Found a staircase to the Lair.
 10140 | D:9      | Killed a two-headed ogre
 10329 | D:9      | Reached *** piety under Sif Muna
 10536 | D:9      | Noticed a two-headed ogre
 10540 | D:9      | Killed a two-headed ogre
 10541 | D:9      | Reached XP level 12. HP: 71/71 MP: 14/22
 10566 | D:9      | Reached skill level 13 in Air Magic
 10589 | D:9      | Found Qeah's General Store.
 10743 | D:9      | Bought a scroll of fog for 28 gold pieces
 10743 | D:9      | Bought a scroll of teleportation for 42 gold pieces
 10751 | D:9      | Found a blossoming altar of Fedhas.
 11013 | D:10     | Entered Level 10 of the Dungeon
 11661 | D:10     | Found a hide-covered altar of Uskayaw.
 12125 | Lair:1   | Entered Level 1 of the Lair of Beasts
 12293 | Lair:1   | Reached skill level 5 in Invocations
 12310 | Lair:1   | Learned a level 5 spell: Bolt of Magma
 12472 | Lair:1   | Reached skill level 1 in Fire Magic
 12485 | Lair:1   | Found a hazy altar of Hepliaklqana.
 12590 | Lair:1   | Noticed Erica
 12595 | Lair:1   | Killed Erica
 13121 | Lair:2   | Noticed a five-headed hydra
 13125 | Lair:2   | Killed a five-headed hydra
 13330 | Lair:2   | Noticed a six-headed hydra
 13335 | Lair:2   | Killed a six-headed hydra
 13616 | Lair:2   | Found a staircase to the Shoals.
 13655 | Lair:2   | Identified the +8 chain mail of Whack-A-Mole {Harm rC++
                  | Int+4}
 13788 | Lair:2   | Reached **** piety under Sif Muna
 13950 | Lair:2   | Reached XP level 13. HP: 78/78 MP: 19/24
 14322 | Lair:3   | Reached skill level 5 in Fire Magic
 14808 | Lair:3   | Learned a level 8 spell: Infestation
 15374 | Lair:4   | Reached skill level 14 in Air Magic
 15466 | Lair:4   | Found a staircase to the Snake Pit.
 15822 | Lair:5   | Noticed Kirke
 16483 | Lair:5   | You are sucked into a shaft and drop 1 floor!
 16483 | Lair:6   | Entered Level 6 of the Lair of Beasts
 16631 | Lair:5   | Noticed a sphinx
 16880 | Lair:5   | Found a staircase to the Slime Pits.
 16881 | Lair:5   | Reached ***** piety under Sif Muna
 16974 | Lair:5   | Received a gift from Sif Muna
 16980 | Lair:5   | Reached XP level 14. HP: 23/84 MP: 9/26
 16994 | Lair:5   | Learned a level 5 spell: Lightning Bolt
 17981 | Lair:5   | Killed Kirke
 17982 | Lair:5   | Reached skill level 10 in Dodging
 18559 | Lair:6   | Received a gift from Sif Muna
 18768 | Lair:6   | Noticed Urug
 18773 | Lair:6   | Killed Urug
 18865 | Lair:6   | Learned a level 5 spell: Borgnjor's Vile Clutch
 19375 | Lair:6   | Found the +8 storm bow {elec, penet}
 19393 | Lair:6   | Identified the +9 dagger "Vitora" {flame, Will++}
 19632 | D:11     | Found a staircase to the Orcish Mines.
 19699 | D:11     | Reached skill level 1 in Necromancy
 19858 | D:11     | Reached XP level 15. HP: 87/90 MP: 25/28
 20245 | D:12     | Reached skill level 1 in Earth Magic
 20246 | D:12     | Reached skill level 15 in Air Magic
 20470 | D:12     | Found a white marble altar of Elyvilon.
 20730 | Orc:1    | Entered Level 1 of the Orcish Mines
 20837 | Orc:1    | Received a gift from Sif Muna
 20838 | Orc:1    | Got Vomiam's Grimoire of Curses and Arcane Weapons {god
                  | gift}
 21272 | Orc:2    | Entered Level 2 of the Orcish Mines
 21272 | Orc:2    | Found Iroumes's Antique Armour Shoppe.
 21272 | Orc:2    | Noticed an orc warlord
 21278 | Orc:2    | HP: 3/91 [orc warrior (14)]
 21894 | Orc:2    | Found Canaskus's Antique Weapon Boutique.
 22145 | Orc:2    | Found Adegh's General Store.
 22156 | Orc:2    | Bought a scroll of magic mapping for 49 gold pieces
 22156 | Orc:2    | Bought a scroll of teleportation for 42 gold pieces
 22233 | Orc:2    | Found Ehigaff's Jewellery Emporium.
 22421 | Orc:2    | Killed an orc warlord
 22499 | Orc:2    | Found a staircase to the Elven Halls.
 22670 | Orc:2    | Bought the amulet "Muenely" {Regen+ Int+4 Dex+3} for 723
                  | gold pieces
 22945 | D:13     | Received a gift from Sif Muna
 23286 | D:13     | HP: 1/92 [something/shard of ice (39)]
 23511 | D:13     | Reached skill level 10 in Fire Magic
 23522 | D:13     | Found a gate to the Vaults.
 23750 | D:13     | Reached XP level 16. HP: 97/97 MP: 27/30
 23965 | D:14     | Reached skill level 10 in Fighting
 24205 | D:14     | Received a gift from Sif Muna
 24216 | D:14     | Reached skill level 10 in Evocations
 24473 | D:14     | Got Sif Muna's Almanac of Dusty Feathers {god gift}
 24771 | D:14     | Found a faded altar of an unknown god.
 24773 | D:14     | Found a hazy altar of Hepliaklqana.
 25118 | D:15     | Entered Level 15 of the Dungeon
 25616 | D:15     | Reached skill level 5 in Shields
 25804 | D:15     | Found a staircase to the Depths.
 26112 | Snake:1  | Entered Level 1 of the Snake Pit
 26121 | Snake:1  | Reached skill level 5 in Necromancy
 26239 | Shoals:1 | Entered Level 1 of the Shoals
 26667 | Shoals:1 | Found a runed translucent door.
 26669 | Shoals:1 | Noticed Geci Fani's ghost (journeyman DsBe)
 26844 | Shoals:1 | Killed Geci Fani's ghost
 27341 | Shoals:2 | Received a gift from Sif Muna
 27350 | Shoals:2 | Got Ipin's Almanac of Damaging Lightness {god gift}
 27360 | Shoals:2 | Learned a level 6 spell: Conjure Ball Lightning
 27403 | Shoals:2 | Reached skill level 16 in Air Magic
 27580 | Shoals:2 | Identified the ring "Gaaggyamn" {Fly rCorr}
 27760 | Shoals:2 | Reached XP level 17. HP: 60/103 MP: 28/31
 27811 | Shoals:2 | Found a transporter.
 27826 | Shoals:2 | Found a transporter.
 28277 | Shoals:2 | Noticed a kraken
 28284 | Shoals:2 | Noticed Liluoff's ghost (journeyman DsIE)
 28297 | Shoals:2 | Reached skill level 10 in Conjurations
 28402 | Shoals:3 | Found Itail's Magic Scroll Boutique.
 28418 | Shoals:3 | HP: 5/103 [water elemental (8)]
 28418 | Shoals:3 | HP: 1/103 [water elemental (4)]
 28419 | Shoals:3 | Succumbed to barbed spike wounds

Illustrated notes

Levels and vault maps discovered:
D:1:      eino_arrival_cavern_b, layout_basic, serial_curves, eino_curves_02,
          eino_curves_02, serial_park_tiny_pond, minmay_pentomino_s4
D:2:      layout_rooms, serial_shops, nicolae_shop_statue_plus,
          serial_park_tiny_pond, minmay_unequal, uniq_crazy_yiuf_cottage
D:3:      layout_loops_ring, shapermc_ecumenical_altar_flowoftime
D:4:      layout_rooms, riverfiend_overflow_shadow_ancestor,
          mainiacjoe_overflow_small_starburst,
          mainiacjoe_overflow_concentric_impassable, uniq_sigmund
D:5:      layout_loops_ring, okawaru_trees_1
D:6:      layout_gridville, minmay_temple_entry_poolview,
          kennysheep_generic_room_12, uniq_pikel
D:7:      layout_loops_ring, kennysheep_mini_moat, grunt_temple_overflow_open
D:8:      minmay_the_grid_triangle_9x9_recursive_2
          [minmay_the_grid_triangle_9x9_prize_special,
          minmay_the_grid_triangle_9x9_impossible_snake,
          minmay_the_grid_triangle_9x9_warning,
          minmay_the_grid_triangle_9x9_wacky_v], layout_rooms, uniq_psyche
D:9:      wad_woods_minihive, layout_rooms, overflow_temple_1_default,
          minmay_lair_entry_grove, serial_shops, shop
D:10:     layout_basic, dancing_weapons_uskayaw
D:11:     layout_roguey, minmay_orc_entry_temple_small
D:12:     layout_roguey, elyvilon_altar_1
D:13:     layout_basic, hangedman_vaults_entry_quadrant_bands, chequers_avenue,
          nooodl_orcs_dogs
D:14:     layout_roguey, hangedman_decor_diamond_cutter,
          beargit_hepliaklqana_dungeon_heroes
D:15:     grunt_enter_depths_snipers, layout_irregular_city, grunt_decor_clamped
Temple:   dpeg_chambers_temple
Lair:1:   wad_woods_04, layout_concentric_octagons, lemuel_centaur_altar,
          serial_bayou_shore_a, uniq_erica
Lair:2:   layout_gridlike, minmay_shoals_entry_beasts, grunt_megastairs_5
Lair:3:   layout_long_grid, hangedman_lair_unloving_vines,
          chequers_serial_rivers_room_a, infiniplex_staircase_pool_2
Lair:4:   layout_regular_city, minmay_snake_entry_guardpost_small,
          lemuel_fruit_tree, lemuel_fruit_fields
Lair:5:   layout_cave_pods, nicolae_slime_entry_slimehenge, beast_lair_carwin_4,
          uniq_kirke
Lair:6:   minmay_lair_end_frog_pond, layout_misc_corridors, lemuel_fruit_fields,
          minmay_lair_oklob_chamber, infiniplex_staircase_pool, uniq_urug
Shoals:1: layout_shoals, ebering_ghost_inner_flame,
          nicolae_shoals_arrival_archipelago
Shoals:2: layout_shoals, ebering_ghost_davey_jones, nicolae_shoals_spectral_cove
Shoals:3: layout_shoals, serial_shops, nicolae_shop_statue_plus,
          nicolae_diamond_shop, nicolae_shop_window_shopping,
          nicolae_shop_stone, nicolae_stop_n_shop_1
Snake:1:  layout_cave_shapes, serial_shops, shop, grunt_megastairs_3
Orc:1:    layout_diamond_mine
Orc:2:    grunt_orc_gardens, layout_caves, grunt_orc_garden, grunt_orc_garden,
          grunt_orc_garden, grunt_orc_garden, basic_altar,
          hellmonk_bongcloud_opening

Skill      XL: |  1  2  3  4  5  6  7  8  9 10 11 12 13 14 15 16 17 |
---------------+----------------------------------------------------+-----
Air Magic      | 5 6 8 10 11 12 13 14 15 16 | 16.3
Conjurations   | 2 3 4 6 7 9 10 | 10.5
Fighting       | 1 2 4 5 6 7 8 9 10 | 10.4
Armour         | 1 2 4 5 6 7 8 |  8.0
Evocations     | 1 2 4 6 7 8 9 10 | 10.1
Shields        | 1 3 4 5 |  5.8
Dodging        | 3 5 6 7 8 9 10 11 | 11.0
Spellcasting   | 3 4 5 6 7 8 9 |  9.8
Invocations    | 1 2 4 5 6 7 8 |  8.8
Fire Magic     | 4 7 9 10 | 10.5
Necromancy     | 1 3 5 |  5.4
Earth Magic    | 2 3 |  3.5
Stealth        | |  2.0

Action                   |  1- 3 |  4- 6 |  7- 9 | 10-12 | 13-15 | 16-18 || total
-------------------------+-------+-------+-------+-------+-------+-------++-------
Melee: Unarmed           |     1 |       |       |       |       |       ||     1
       Dagger            |     5 |       |       |       |       |       ||     5
       Staff             |       |       |     1 |    14 |    36 |     3 ||    54
       Kick              |       |       |       |     5 |     6 |       ||    11
       Peck              |       |       |       |     1 |     6 |       ||     7
 Cast: Shock             |    54 |    65 |   127 |   140 |    70 |    10 ||   466
       Static Discharge  |    13 |     7 |    15 |    62 |   177 |    50 ||   324
       Airstrike         |       |     5 |    51 |   177 |   281 |   123 ||   637
       Swiftness         |       |       |     2 |     5 |     3 |     2 ||    12
       Lightning Bolt    |       |       |       |       |    23 |    24 ||    47
       Conjure Ball Ligh |       |       |       |       |       |     7 ||     7
Invok: Channel Magic     |       |       |       |     3 |     6 |     2 ||    11
Evoke: Wand              |       |       |       |     5 |    19 |    14 ||    38
  Use: Scroll            |       |     3 |     9 |     9 |    15 |     4 ||    40
       Potion            |       |       |       |       |     2 |     2 ||     4
Armor: Robe              |     5 |     3 |    15 |     7 |       |       ||    30
       Troll leather arm |       |       |       |    48 |       |       ||    48
       Chain mail        |       |       |       |     1 |   186 |    86 ||   273
Dodge: Dodged            |    13 |     3 |    38 |   181 |   148 |    77 ||   460
Block: Buckler           |       |       |     3 |    58 |    80 |    40 ||   181

Table legend: (Time is in decaauts)
 A = Elapsed time spent in this place.
 B = Non-inter-level travel time spent in this place.
 C = Inter-level travel time spent in this place.
 D = Time resting spent in this place.
 E = Time spent auto-exploring this place.
 F = Levels seen in this place.
 G = Mean time per level.
                   A        B        C        D        E       F      G
               +--------+--------+--------+--------+--------+-----+--------+
         Total |  26817 |  24940 |   1877 |   8512 |  12227 |  28 |  957.8 |
       Dungeon |  15627 |  14363 |   1264 |   4830 |   7307 |  15 | 1041.8 |
        Temple |     93 |     58 |     35 |      0 |     54 |   1 |   93.0 |
          Lair |   7142 |   6748 |    394 |   2598 |   3023 |   6 | 1190.3 |
        Shoals |   2023 |   1991 |     32 |    495 |   1081 |   3 |  674.3 |
     Snake Pit |     12 |     12 |      0 |      0 |      0 |   1 |   12.0 |
  Orcish Mines |   1918 |   1768 |    150 |    587 |    760 |   2 |  959.0 |
               +--------+--------+--------+--------+--------+-----+--------+

Top non-repeatable levels by time:
  Lair:5: 1784 daAuts
     D:1: 1692 daAuts
     D:8: 1609 daAuts
  Lair:6: 1601 daAuts
     D:7: 1393 daAuts
     D:9: 1229 daAuts
  Lair:4: 1176 daAuts
     D:5: 1170 daAuts
  Lair:2: 1151 daAuts
     D:6: 1127 daAuts
Shoals:2: 1113 daAuts
    D:13: 1096 daAuts
    D:10: 1045 daAuts
    D:14: 1042 daAuts
   Orc:2: 970 daAuts
